Mulligans vs Gangsters
Created - January 11, 2019 at 19:26
Goals
|
| Mulligans |
1 |
0 |
0 |
1 |
| Gangsters |
1 |
1 |
3 |
5 |
|
Shots
|
| Mulligans |
10 |
10 |
9 |
29 |
| Gangsters |
8 |
15 |
11 |
34 |
|
1st period
1. Gangsters , Maxime Sauvé 25 (Dave Dziurzynski 31, Richard Panik 12) at 16:35 (PP)
2. Mulligans , Anton Lander 16 (Sven Baertschi 9, Michael Sdao 13) at 17:56
Penalties :
Nick Bonino (Rep) for Roughing (Minor) at 15:58
2nd period
3. Gangsters , Maxime Sauvé 26 (Richard Panik 13, Dave Dziurzynski 32) at 3:12
Penalties :
Stefan Noesen (Bro) for Hooking (Minor) at 12:27
3rd period
4. Gangsters , Patrik Nemeth 5 (Dave Dziurzynski 33, Maxime Sauvé 36) at 14:54 (PP)
5. Gangsters , Richard Panik 13 (Patrik Nemeth 14, Maxime Sauvé 37) at 15:00
6. Gangsters , Maxime Sauvé 27 (Richard Panik 14) at 16:42 (PP)
Penalties :
Alexander Wennberg (Bro) for Hooking (Minor) at 2:24, Austen Brassard (Bro) for Roughing (Minor) at 6:03, Matt Donovan (Rep) for Tripping (Minor) at 14:35, Joonas Donskoi (Rep) for Hooking (Minor) at 16:26, Patrik Nemeth (Bro) for Hooking (Minor) at 17:43
Goalie Stats
Juuse Saros (Rep), 29 saves from 34 shots - (0.853), L, 5-13-1, 60:00 minutes
Dustin Tokarski (Bro), 28 saves from 29 shots - (0.966), W, 13-14-1, 60:00 minutes
Players Stats for Mulligans
Player Name G A P +/- PIM S H SB GA TA FO MP PP MP PK MP
------------------------------------------------------------------------------------
Anton Lander 1 0 1 1 0 5 0 2 0 1 3/12 17:57 3:45 1:12
Ben Hutton 0 0 0 0 0 0 1 3 1 1 0/0 13:30 0:00 0:00
Cade Fairchild 0 0 0 1 0 0 0 2 0 0 0/0 19:59 3:29 0:00
Christoph Bertschy 0 0 0 0 0 2 1 0 0 0 0/3 10:06 0:00 0:00
Cody Goloubef 0 0 0 -2 0 1 4 1 2 1 0/0 22:11 4:27 1:12
Dalton Thrower 0 0 0 0 0 0 1 1 0 0 0/0 4:57 0:00 0:00
Darren Dietz 0 0 0 0 0 0 0 0 0 0 0/0 13:12 0:00 0:19
Drayson Bowman 0 0 0 0 0 1 0 0 0 0 0/0 11:16 0:00 0:00
Eric Tangradi 0 0 0 -2 0 5 2 1 0 1 1/1 20:19 4:06 0:00
John Hayden 0 0 0 0 0 0 0 0 0 0 0/0 0:22 0:05 0:00
Jonathan Tremblay 0 0 0 -2 0 1 1 0 0 1 0/0 21:28 4:04 1:12
Jonny Brodzinski 0 0 0 0 0 0 0 0 0 0 0/0 0:31 0:12 0:00
Joonas Donskoi 0 0 0 0 2 2 1 0 0 0 1/1 11:37 0:05 0:00
Logan Shaw 0 0 0 1 0 4 2 0 1 2 0/0 16:39 3:40 0:00
Matt Beleskey 0 0 0 0 0 1 1 0 0 0 0/0 10:06 0:00 0:00
Matt Donovan 0 0 0 -2 2 3 1 1 2 1 0/0 26:11 4:27 0:53
Maxime Macenauer 0 0 0 0 0 0 2 0 0 0 0/1 11:16 0:00 0:00
Michael Sdao 0 1 1 1 0 0 0 2 0 0 0/0 19:59 3:29 0:00
Nick Bonino 0 0 0 -2 2 2 4 1 0 0 9/34 20:18 4:06 0:00
Nick Moutrey 0 0 0 0 0 0 0 0 0 0 0/0 0:00 0:00 0:00
Sven Baertschi 0 1 1 1 0 2 0 0 0 0 0/0 16:45 3:45 0:00
Valeri Nichushkin 0 0 0 0 0 0 2 0 0 0 0/0 10:06 0:00 0:00
Players Stats for Gangsters
Player Name G A P +/- PIM S H SB GA TA FO MP PP MP PK MP
------------------------------------------------------------------------------------
Alexander Wennberg 0 0 0 -1 2 3 1 0 0 0 6/7 15:39 0:00 0:57
Austen Brassard 0 0 0 0 2 0 0 0 0 0 0/0 7:15 0:00 0:00
Brett Ponich 0 0 0 0 0 1 2 0 0 1 0/0 20:20 0:37 3:29
Dave Dziurzynski 0 3 3 2 0 3 1 0 1 0 1/3 14:58 1:12 0:00
David Pope 0 0 0 0 0 4 1 0 1 0 1/1 17:44 0:00 1:34
Derrick Pouliot 0 0 0 0 0 2 0 3 1 1 0/0 15:04 0:00 1:00
Jonas Brodin 0 0 0 0 0 0 0 4 0 0 0/0 14:03 0:00 0:00
Kevin Roy 0 0 0 0 0 0 0 0 0 0 0/0 2:22 0:00 0:00
Matt Delahey 0 0 0 1 0 1 1 0 1 0 0/0 25:48 0:35 4:38
Maxime Sauvé 3 2 5 2 0 8 5 1 0 1 19/26 24:15 1:12 4:07
Morgan Ellis 0 0 0 0 0 0 1 0 0 1 0/0 19:58 0:37 3:08
Patrik Nemeth 1 1 2 1 2 4 1 2 2 1 0/0 24:47 0:35 3:37
Phillip Danault 0 0 0 -1 0 1 2 0 1 0 0/0 15:27 0:00 2:24
Richard Panik 1 3 4 2 0 5 2 0 0 0 1/1 19:17 1:12 4:15
Sebastian Collberg 0 0 0 -1 0 1 0 0 0 0 0/0 13:22 0:00 0:00
Seth Griffith 0 0 0 0 0 0 1 0 0 0 1/1 7:33 0:00 0:17
Stefan Noesen 0 0 0 0 2 1 0 0 0 0 0/0 15:23 0:00 0:00
Tomas Hertl 0 0 0 0 0 0 2 1 1 1 9/13 18:45 0:00 2:18
3 Stars
1 - Maxime Sauvé (Bro)
2 - Richard Panik (Bro)
3 - Dave Dziurzynski (Bro)
Power Play
Mulligans - 0 on 4 Attempt(s) - 0.00%
Gangsters - 3 on 3 Attempt(s) - 100.00%
Penalty Kill
Mulligans - 0 on 3 Attempt(s) - 0.00%
- Score 0 goal in Penalty Kill
Gangsters - 4 on 4 Attempt(s) - 100.00%
- Score 0 goal in Penalty Kill
Team Stat
Mulligans - Hits : 23 - Faceoff Wins : 14 - Blocked Shots : 14 - Penalty Minutes : 6
Gangsters - Hits : 20 - Faceoff Wins : 38 - Blocked Shots : 11 - Penalty Minutes : 8
Official
Referees : Unknown
Linesman : Unknown
Game Notes
Maxime Sauvé has scored a Hat Trick!
Finance
Level 1 -- Attendance: 1506 (75.30%) -- Ticket Income $60,240
Level 2 -- Attendance: 784 (78.40%) -- Ticket Income $15,680
Total Attendance: 2290 (76.33%)
Total Ticket Income: $75,920
Other Income: $3,796
Total Income: $79,716
Mulligans
5 vs 5 Forward
Center Left Wing Right Wing Time % Phy DF OF
1 Nick Bonino Eric Tangradi Jonathan Tremblay 40 0 2 3
2 Anton Lander Sven Baertschi Logan Shaw 30 0 2 3
3 Maxime Macenauer Drayson Bowman Joonas Donskoi 20 0 2 3
4 Christoph Bertschy Matt Beleskey Valeri Nichushkin 10 0 2 3
5 vs 5 Defense
Defense Defense Time % Phy DF OF
1 Matt Donovan Cody Goloubef 40 1 2 2
2 Michael Sdao Cade Fairchild 30 1 2 2
3 Ben Hutton Darren Dietz 20 1 2 2
4 Dalton Thrower Matt Donovan 10 1 2 2
PowerPlay Forward
Center Left Wing Right Wing Time % Phy DF OF
1 Nick Bonino Eric Tangradi Jonathan Tremblay 60 1 2 2
2 Anton Lander Sven Baertschi Logan Shaw 40 1 2 2
PowerPlay Defense
Defense Defense Time % Phy DF OF
1 Matt Donovan Cody Goloubef 60 1 2 2
2 Michael Sdao Cade Fairchild 40 1 2 2
Penalty Kill 4 Players Forward
Center Wing Time % Phy DF OF
1 Anton Lander Jonathan Tremblay 60 1 2 2
2 Maxime Macenauer Drayson Bowman 40 1 2 2
Penalty Kill 4 Players Defense
Defense Defense Time % Phy DF OF
1 Matt Donovan Cody Goloubef 60 1 2 2
2 Michael Sdao Cade Fairchild 40 1 2 2
Penalty Kill - 3 Players Forward
Forward Time % Phy DF OF
1 Nick Bonino 60 1 2 2
2 Eric Tangradi 40 1 2 2
Penalty Kill - 3 Players Defense
Defense Defense Time % Phy DF OF
1 Matt Donovan Cody Goloubef 60 1 2 2
2 Michael Sdao Cade Fairchild 40 1 2 2
4 vs 4 Forward
Center Wing Time % Phy DF OF
1 Nick Bonino Eric Tangradi 60 1 2 2
2 Anton Lander Logan Shaw 40 1 2 2
4 vs 4 Defense
Defense Defense Time % Phy DF OF
1 Matt Donovan Cody Goloubef 60 1 2 2
2 Michael Sdao Cade Fairchild 40 1 2 2
Last Minutes Offensive
Center Left Wing Right Wing Defense Defense
Nick Bonino Eric Tangradi Jonathan Tremblay Matt Donovan Cody Goloubef
Last Minutes Defensive
Center Left Wing Right Wing Defense Defense
Anton Lander Eric Tangradi Jonathan Tremblay Matt Donovan Cody Goloubef
Goaltenders
Starting : Juuse Saros
Backup : Calvin Pickard
Extra Forwards
Normal : Jonny Brodzinski, John Hayden, Nick Moutrey - PP : Jonny Brodzinski, John Hayden - PK : Nick Moutrey
Extra Defensemen
Normal : Ben Hutton, Darren Dietz, Dalton Thrower - PP : Ben Hutton - PK : Darren Dietz, Dalton Thrower
Penalty Shots
Maxime Macenauer, Eric Tangradi, Anton Lander, Nick Bonino, Jonathan Tremblay
Scratches
Reid Boucher (Healthy), Marek Langhamer (Healthy)
Gangsters
5 vs 5 Forward
Center Left Wing Right Wing Time % Phy DF OF
1 Maxime Sauvé Dave Dziurzynski Richard Panik 40 1 2 2
2 Tomas Hertl David Pope Stefan Noesen 30 1 2 2
3 Alexander Wennberg Phillip Danault Sebastian Collberg 20 1 2 2
4 Seth Griffith Maxime Sauvé Austen Brassard 10 1 2 2
5 vs 5 Defense
Defense Defense Time % Phy DF OF
1 Patrik Nemeth Matt Delahey 40 1 2 2
2 Brett Ponich Morgan Ellis 30 1 2 2
3 Jonas Brodin Derrick Pouliot 20 1 2 2
4 Patrik Nemeth Matt Delahey 10 1 2 2
PowerPlay Forward
Center Left Wing Right Wing Time % Phy DF OF
1 Maxime Sauvé Dave Dziurzynski Richard Panik 60 1 2 2
2 Tomas Hertl David Pope Stefan Noesen 40 1 2 2
PowerPlay Defense
Defense Defense Time % Phy DF OF
1 Patrik Nemeth Matt Delahey 60 1 2 2
2 Brett Ponich Morgan Ellis 40 1 2 2
Penalty Kill 4 Players Forward
Center Wing Time % Phy DF OF
1 Maxime Sauvé Richard Panik 60 1 2 2
2 Tomas Hertl Alexander Wennberg 40 1 2 2
Penalty Kill 4 Players Defense
Defense Defense Time % Phy DF OF
1 Patrik Nemeth Matt Delahey 60 1 2 2
2 Brett Ponich Morgan Ellis 40 1 2 2
Penalty Kill - 3 Players Forward
Forward Time % Phy DF OF
1 Maxime Sauvé 60 1 2 2
2 Richard Panik 40 1 2 2
Penalty Kill - 3 Players Defense
Defense Defense Time % Phy DF OF
1 Patrik Nemeth Matt Delahey 60 1 2 2
2 Brett Ponich Morgan Ellis 40 1 2 2
4 vs 4 Forward
Center Wing Time % Phy DF OF
1 Maxime Sauvé Richard Panik 60 1 2 2
2 Tomas Hertl Alexander Wennberg 40 1 2 2
4 vs 4 Defense
Defense Defense Time % Phy DF OF
1 Patrik Nemeth Matt Delahey 60 1 2 2
2 Brett Ponich Morgan Ellis 40 1 2 2
Last Minutes Offensive
Center Left Wing Right Wing Defense Defense
Maxime Sauvé Dave Dziurzynski Richard Panik Patrik Nemeth Matt Delahey
Last Minutes Defensive
Center Left Wing Right Wing Defense Defense
Maxime Sauvé Dave Dziurzynski Richard Panik Patrik Nemeth Matt Delahey
Goaltenders
Starting : Dustin Tokarski
Backup : Mike Condon
Extra Forwards
Normal : Kevin Roy, Seth Griffith, Phillip Danault - PP : Kevin Roy, Seth Griffith - PK : Phillip Danault
Extra Defensemen
Normal : Jonas Brodin, Derrick Pouliot, Brett Ponich - PP : Jonas Brodin - PK : Derrick Pouliot, Brett Ponich
Penalty Shots
Maxime Sauvé, Richard Panik, Tomas Hertl, Alexander Wennberg, Dave Dziurzynski
Scratches
Jordan Subban (Healthy), Ryan Culkin (Healthy), Devante Smith-Pelly (Healthy), Steven Santini (Healthy), Jordan Binnington (Healthy)
% Time on Ice - Mulligans
Lines # - Real PCT - Wanted PCT - Time Play
Normal Forward
1 - 32% - 40% - 16:30
2 - 26% - 30% - 13:00
3 - 22% - 20% - 11:16
4 - 20% - 10% - 10:06
Normal Defense
1 - 33% - 40% - 16:32
2 - 32% - 30% - 16:30
3 - 25% - 20% - 12:53
4 - 10% - 10% - 4:57
PP Forward
1 - 53% - 60% - 4:11
2 - 47% - 40% - 3:45
PP Defense
1 - 56% - 60% - 4:27
2 - 44% - 40% - 3:29
PK Forward
1 - 100% - 60% - 1:12
2 - 0% - 40% - 0:00
PK Defense
1 - 100% - 60% - 1:12
2 - 0% - 40% - 0:00
PK3 Forward
1 - 0% - 60%
2 - 0% - 40%
PK3 Defense
1 - 0% - 60%
2 - 0% - 40%
44 Forward
1 - 0% - 60%
2 - 0% - 40%
44 Defense
1 - 0% - 60%
2 - 0% - 40%
Last Minute Offensive - 0:00
Last Minute Defensive - 0:00
Total
Forward - 60:00
Defense - 60:00
|
% Time on Ice - Gangsters
Lines # - Real PCT - Wanted PCT - Time Play
Normal Forward
1 - 29% - 40% - 14:54
2 - 30% - 30% - 15:24
3 - 26% - 20% - 13:22
4 - 14% - 10% - 7:12
Normal Defense
1 - 37% - 40% - 18:34
2 - 32% - 30% - 16:13
3 - 28% - 20% - 14:03
4 - 4% - 10% - 2:02
PP Forward
1 - 100% - 60% - 1:12
2 - 0% - 40% - 0:00
PP Defense
1 - 49% - 60% - 0:35
2 - 51% - 40% - 0:37
PK Forward
1 - 81% - 60% - 6:24
2 - 19% - 40% - 1:32
PK Defense
1 - 61% - 60% - 4:48
2 - 39% - 40% - 3:08
PK3 Forward
1 - 0% - 60%
2 - 0% - 40%
PK3 Defense
1 - 0% - 60%
2 - 0% - 40%
44 Forward
1 - 0% - 60%
2 - 0% - 40%
44 Defense
1 - 0% - 60%
2 - 0% - 40%
Last Minute Offensive - 0:00
Last Minute Defensive - 0:00
Total
Forward - 60:00
Defense - 60:00
|
Play-by-Play
1st period
0:01 of 1st period - Maxime Sauvé wins face-off versus Nick Bonino in neutral zone.
0:30 of 1st period - Slapshot by Stefan Noesen.
0:30 of 1st period - Stopped by Juuse Saros without a rebound.
0:31 of 1st period - Tomas Hertl wins face-off versus Anton Lander in Mulligans zone.
2:58 of 1st period - Backhand shot by Stefan Noesen.
2:58 of 1st period - Shot Hit the Post.
3:00 of 1st period - Slapshot by Jonas Brodin.
3:00 of 1st period - Shot Blocked by Ben Hutton.
3:02 of 1st period - Wrist shot by Derrick Pouliot.
3:02 of 1st period - Stopped by Juuse Saros without a rebound.
3:03 of 1st period - Maxime Sauvé wins face-off versus Nick Bonino in Mulligans zone.
3:06 of 1st period - Slapshot by Maxime Sauvé.
3:06 of 1st period - Stopped by Juuse Saros with a rebound.
3:12 of 1st period - Wrist shot by Nick Bonino.
3:12 of 1st period - Shot Hit the Post.
3:14 of 1st period - Snap shot by Jonathan Tremblay.
3:14 of 1st period - Stopped by Dustin Tokarski with a rebound.
3:16 of 1st period - Snap shot by Jonathan Tremblay.
3:16 of 1st period - Shot Misses the Net.
3:18 of 1st period - Wrist shot by Jonathan Tremblay.
3:18 of 1st period - Shot Hit the Post.
3:28 of 1st period - Maxime Sauvé is hit by Valeri Nichushkin and loses puck.
4:13 of 1st period - Brett Ponich is hit by Jonathan Tremblay and loses puck.
5:59 of 1st period - Icing by Nick Bonino.
6:00 of 1st period - Nick Bonino wins face-off versus Tomas Hertl in Mulligans zone.
6:44 of 1st period - Snap shot by Matt Beleskey.
6:44 of 1st period - Shot Misses the Net.
7:39 of 1st period - Tomas Hertl is hit by Logan Shaw and loses puck.
8:16 of 1st period - Wrist shot by Matt Beleskey.
8:16 of 1st period - Shot Blocked by Jonas Brodin.
8:18 of 1st period - Slapshot by Dalton Thrower.
8:18 of 1st period - Shot Blocked by Derrick Pouliot.
9:34 of 1st period - Wrist shot by Christoph Bertschy.
9:34 of 1st period - Stopped by Dustin Tokarski with a rebound.
9:58 of 1st period - Wrist shot by Logan Shaw.
9:58 of 1st period - Stopped by Dustin Tokarski without a rebound.
9:59 of 1st period - Alexander Wennberg wins face-off versus Nick Bonino in Gangsters zone.
10:14 of 1st period - Snap shot by Eric Tangradi.
10:14 of 1st period - Stopped by Dustin Tokarski with a rebound.
10:30 of 1st period - Slapshot by Drayson Bowman.
10:30 of 1st period - Deflect By Maxime Macenauer.
10:30 of 1st period - Shot Misses the Net.
10:30 of 1st period - Puck is out of play.
10:31 of 1st period - Tomas Hertl wins face-off versus Maxime Macenauer in Gangsters zone.
10:36 of 1st period - Snap shot by Drayson Bowman.
10:36 of 1st period - Shot Blocked by Jonas Brodin.
11:43 of 1st period - Patrik Nemeth is hit by Christoph Bertschy and loses puck.
11:58 of 1st period - Slapshot by Richard Panik.
11:58 of 1st period - Shot Blocked by Dalton Thrower.
12:00 of 1st period - Snap shot by Maxime Sauvé.
12:00 of 1st period - Stopped by Juuse Saros with a rebound.
12:47 of 1st period - Snap shot by Maxime Macenauer.
12:47 of 1st period - Shot Misses the Net.
13:01 of 1st period - Wrist shot by Joonas Donskoi.
13:01 of 1st period - Stopped by Dustin Tokarski with a rebound.
13:21 of 1st period - Snap shot by Anton Lander.
13:21 of 1st period - Stopped by Dustin Tokarski without a rebound.
13:22 of 1st period - Alexander Wennberg wins face-off versus Nick Bonino in Gangsters zone.
13:22 of 1st period - Alexander Wennberg is hit by Eric Tangradi.
13:38 of 1st period - Wrist shot by Eric Tangradi.
13:38 of 1st period - Shot Misses the Net.
13:48 of 1st period - Michael Sdao is hit by Maxime Sauvé and loses puck.
14:09 of 1st period - Slapshot by Tomas Hertl.
14:09 of 1st period - Shot Blocked by Michael Sdao.
14:11 of 1st period - Slapshot by Patrik Nemeth.
14:11 of 1st period - Stopped by Juuse Saros with a rebound.
14:33 of 1st period - Slapshot by Nick Bonino.
14:33 of 1st period - Deflect By Eric Tangradi.
14:33 of 1st period - Stopped by Dustin Tokarski with a rebound.
15:05 of 1st period - Dave Dziurzynski is hit by Joonas Donskoi and loses puck.
15:52 of 1st period - Snap shot by Phillip Danault.
15:52 of 1st period - Shot Blocked by Matt Donovan.
15:58 of 1st period - Minor Penalty to Nick Bonino for Roughing.
15:59 of 1st period - Richard Panik wins face-off versus Anton Lander in Mulligans zone.
16:04 of 1st period - Wrist shot by Richard Panik.
16:04 of 1st period - Stopped by Juuse Saros without a rebound.
16:05 of 1st period - Maxime Sauvé wins face-off versus Anton Lander in Mulligans zone.
16:33 of 1st period - Wrist shot by Richard Panik.
16:33 of 1st period - Stopped by Juuse Saros with a rebound.
16:35 of 1st period - Snap shot by Dave Dziurzynski.
16:35 of 1st period - Deflect By Maxime Sauvé.
16:35 of 1st period - Goal by Maxime Sauvé - Mulligans : 0 - Gangsters : 1.
16:36 of 1st period - Nick Bonino wins face-off versus Maxime Sauvé in neutral zone.
17:04 of 1st period - Snap shot by Maxime Macenauer.
17:04 of 1st period - Shot Misses the Net.
17:06 of 1st period - Slapshot by Cody Goloubef.
17:06 of 1st period - Stopped by Dustin Tokarski without a rebound.
17:07 of 1st period - Joonas Donskoi wins face-off versus Tomas Hertl in Gangsters zone.
17:18 of 1st period - Slapshot by Tomas Hertl.
17:18 of 1st period - Shot Misses the Net.
17:56 of 1st period - Wrist shot by Anton Lander.
17:56 of 1st period - Goal by Anton Lander - Mulligans : 1 - Gangsters : 1.
17:57 of 1st period - Eric Tangradi wins face-off versus Dave Dziurzynski in neutral zone.
19:47 of 1st period - Wrist shot by Logan Shaw.
19:47 of 1st period - Stopped by Dustin Tokarski without a rebound.
19:48 of 1st period - Alexander Wennberg wins face-off versus Nick Bonino in Gangsters zone.
Goals for this period are 1 for Mulligans vs 1 for Gangsters.
Shots for this period are 10 for Mulligans vs 8 for Gangsters.
2nd period
0:01 of 2nd period - Maxime Sauvé wins face-off versus Nick Bonino in neutral zone.
0:04 of 2nd period - Cody Goloubef is hit by Maxime Sauvé and loses puck.
0:11 of 2nd period - Dave Dziurzynski is hit by Nick Bonino and loses puck.
0:50 of 2nd period - Alexander Wennberg is hit by Maxime Macenauer and loses puck.
1:08 of 2nd period - Darren Dietz is hit by Maxime Sauvé and loses puck.
1:57 of 2nd period - Slapshot by Alexander Wennberg.
1:57 of 2nd period - Shot Misses the Net.
2:43 of 2nd period - Icing by Matt Delahey.
2:44 of 2nd period - Tomas Hertl wins face-off versus Christoph Bertschy in Gangsters zone.
2:51 of 2nd period - Wrist shot by Alexander Wennberg.
2:51 of 2nd period - Stopped by Juuse Saros with a rebound.
2:53 of 2nd period - Slapshot by Matt Delahey.
2:53 of 2nd period - Deflect By Alexander Wennberg.
2:53 of 2nd period - Shot Misses the Net.
2:53 of 2nd period - Puck is out of play.
2:54 of 2nd period - Nick Bonino wins face-off versus Alexander Wennberg in Mulligans zone.
2:56 of 2nd period - Icing by Cody Goloubef.
2:57 of 2nd period - Maxime Sauvé wins face-off versus Nick Bonino in Mulligans zone.
2:58 of 2nd period - Snap shot by Dave Dziurzynski.
2:58 of 2nd period - Shot Misses the Net.
3:00 of 2nd period - Wrist shot by Maxime Sauvé.
3:00 of 2nd period - Stopped by Juuse Saros without a rebound.
3:01 of 2nd period - Maxime Sauvé wins face-off versus Nick Bonino in Mulligans zone.
3:06 of 2nd period - Wrist shot by Richard Panik.
3:06 of 2nd period - Stopped by Juuse Saros without a rebound.
3:07 of 2nd period - Nick Bonino wins face-off versus Maxime Sauvé in Mulligans zone.
3:12 of 2nd period - Wrist shot by Richard Panik.
3:12 of 2nd period - Deflect By Maxime Sauvé.
3:12 of 2nd period - Goal by Maxime Sauvé - Mulligans : 1 - Gangsters : 2.
3:13 of 2nd period - Maxime Sauvé wins face-off versus Nick Bonino in neutral zone.
3:20 of 2nd period - Snap shot by Richard Panik.
3:20 of 2nd period - Stopped by Juuse Saros with a rebound.
3:22 of 2nd period - Slapshot by Matt Delahey.
3:22 of 2nd period - Stopped by Juuse Saros with a rebound.
3:24 of 2nd period - Slapshot by Matt Delahey.
3:24 of 2nd period - Deflect By Dave Dziurzynski.
3:24 of 2nd period - Stopped by Juuse Saros with a rebound.
3:26 of 2nd period - Snap shot by Maxime Sauvé.
3:26 of 2nd period - Stopped by Juuse Saros with a rebound.
3:28 of 2nd period - Snap shot by Dave Dziurzynski.
3:28 of 2nd period - Stopped by Juuse Saros without a rebound.
3:29 of 2nd period - Anton Lander wins face-off versus Tomas Hertl in Mulligans zone.
3:34 of 2nd period - Matt Delahey is hit by Logan Shaw and loses puck.
3:59 of 2nd period - Snap shot by Eric Tangradi.
3:59 of 2nd period - Stopped by Dustin Tokarski with a rebound.
4:05 of 2nd period - Matt Donovan is hit by Maxime Sauvé and loses puck.
4:18 of 2nd period - Drayson Bowman is hit by Morgan Ellis and loses puck.
4:37 of 2nd period - Matt Beleskey is hit by Brett Ponich and loses puck.
5:02 of 2nd period - Michael Sdao is hit by David Pope and loses puck.
5:21 of 2nd period - Wrist shot by Alexander Wennberg.
5:21 of 2nd period - Stopped by Juuse Saros with a rebound.
5:43 of 2nd period - Tomas Hertl is hit by Maxime Macenauer and loses puck.
6:12 of 2nd period - Slapshot by Patrik Nemeth.
6:12 of 2nd period - Deflect By Anton Lander.
6:12 of 2nd period - Stopped by Juuse Saros with a rebound.
6:14 of 2nd period - Slapshot by Sebastian Collberg.
6:14 of 2nd period - Stopped by Juuse Saros without a rebound.
6:15 of 2nd period - Alexander Wennberg wins face-off versus Anton Lander in Mulligans zone.
6:28 of 2nd period - Snap shot by Anton Lander.
6:28 of 2nd period - Stopped by Dustin Tokarski without a rebound.
6:29 of 2nd period - Maxime Sauvé wins face-off versus Nick Bonino in Gangsters zone.
6:29 of 2nd period - Maxime Sauvé is hit by Nick Bonino.
7:03 of 2nd period - Sven Baertschi is hit by Matt Delahey and loses puck.
7:40 of 2nd period - Slapshot by Matt Donovan.
7:40 of 2nd period - Stopped by Dustin Tokarski with a rebound.
7:42 of 2nd period - Wrist shot by Valeri Nichushkin.
7:42 of 2nd period - Shot Misses the Net.
7:44 of 2nd period - Slapshot by Christoph Bertschy.
7:44 of 2nd period - Shot Blocked by Jonas Brodin.
7:46 of 2nd period - Backhand shot by Matt Beleskey.
7:46 of 2nd period - Shot Misses the Net.
7:48 of 2nd period - Wrist shot by Christoph Bertschy.
7:48 of 2nd period - Deflect By Matt Beleskey.
7:48 of 2nd period - Stopped by Dustin Tokarski with a rebound.
8:02 of 2nd period - Wrist shot by Tomas Hertl.
8:02 of 2nd period - Shot Misses the Net.
8:04 of 2nd period - Slapshot by Stefan Noesen.
8:04 of 2nd period - Deflect By Tomas Hertl.
8:04 of 2nd period - Shot Blocked by Nick Bonino.
8:04 of 2nd period - Puck is out of play.
8:05 of 2nd period - Tomas Hertl wins face-off versus Nick Bonino in Mulligans zone.
8:36 of 2nd period - Wrist shot by David Pope.
8:36 of 2nd period - Stopped by Juuse Saros with a rebound.
8:39 of 2nd period - Icing by Michael Sdao.
8:40 of 2nd period - Nick Bonino wins face-off versus Maxime Sauvé in Mulligans zone.
9:33 of 2nd period - Slapshot by Matt Donovan.
9:33 of 2nd period - Shot Blocked by Patrik Nemeth.
11:23 of 2nd period - Snap shot by Stefan Noesen.
11:23 of 2nd period - Shot Blocked by Cade Fairchild.
11:25 of 2nd period - Snap shot by David Pope.
11:25 of 2nd period - Stopped by Juuse Saros with a rebound.
11:27 of 2nd period - Slapshot by Stefan Noesen.
11:27 of 2nd period - Deflect By David Pope.
11:27 of 2nd period - Shot Blocked by Anton Lander.
11:27 of 2nd period - Puck is out of play.
11:28 of 2nd period - Alexander Wennberg wins face-off versus Nick Bonino in Mulligans zone.
11:53 of 2nd period - Michael Sdao is hit by Richard Panik and loses puck.
12:14 of 2nd period - Wrist shot by Sven Baertschi.
12:14 of 2nd period - Stopped by Dustin Tokarski without a rebound.
12:15 of 2nd period - Seth Griffith wins face-off versus Anton Lander in Gangsters zone.
12:22 of 2nd period - Snap shot by Anton Lander.
12:22 of 2nd period - Stopped by Dustin Tokarski with a rebound.
12:24 of 2nd period - Wrist shot by Logan Shaw.
12:24 of 2nd period - Stopped by Dustin Tokarski without a rebound.
12:25 of 2nd period - Tomas Hertl wins face-off versus Nick Bonino in Gangsters zone.
12:27 of 2nd period - Minor Penalty to Stefan Noesen for Hooking.
12:28 of 2nd period - Nick Bonino wins face-off versus Maxime Sauvé in Gangsters zone.
13:05 of 2nd period - Maxime Sauvé is hit by Cody Goloubef and loses puck.
13:26 of 2nd period - Slapshot by David Pope.
13:26 of 2nd period - Stopped by Juuse Saros with a rebound.
14:08 of 2nd period - Patrik Nemeth is hit by Eric Tangradi and loses puck.
14:27 of 2nd period - Penalty to Stefan Noesen is over, Stefan Noesen is back on ice.
14:27 of 2nd period - Patrik Nemeth is hit by Cody Goloubef and loses puck.
15:14 of 2nd period - Derrick Pouliot is hit by Matt Beleskey and loses puck.
15:27 of 2nd period - Drayson Bowman is hit by Tomas Hertl and loses puck.
16:21 of 2nd period - Slapshot by Darren Dietz.
16:21 of 2nd period - Deflect By Drayson Bowman.
16:21 of 2nd period - Stopped by Dustin Tokarski with a rebound.
16:35 of 2nd period - Snap shot by Nick Bonino.
16:35 of 2nd period - Shot Misses the Net.
17:06 of 2nd period - Maxime Macenauer is hit by Dave Dziurzynski and loses puck.
17:27 of 2nd period - Icing by Valeri Nichushkin.
17:28 of 2nd period - Tomas Hertl wins face-off versus Christoph Bertschy in Mulligans zone.
17:55 of 2nd period - Jonas Brodin is hit by Dalton Thrower and loses puck.
18:08 of 2nd period - Backhand shot by Matt Donovan.
18:08 of 2nd period - Stopped by Dustin Tokarski with a rebound.
18:37 of 2nd period - Wrist shot by Drayson Bowman.
18:37 of 2nd period - Shot Blocked by Maxime Sauvé.
19:46 of 2nd period - Slapshot by Nick Bonino.
19:46 of 2nd period - Stopped by Dustin Tokarski with a rebound.
Goals for this period are 0 for Mulligans vs 1 for Gangsters.
Shots for this period are 10 for Mulligans vs 15 for Gangsters.
3rd period
0:01 of 3rd period - Nick Bonino wins face-off versus Maxime Sauvé in neutral zone.
0:04 of 3rd period - Slapshot by Cody Goloubef.
0:04 of 3rd period - Deflect By Eric Tangradi.
0:04 of 3rd period - Shot Blocked by Patrik Nemeth.
0:04 of 3rd period - Puck is out of play.
0:05 of 3rd period - Maxime Sauvé wins face-off versus Nick Bonino in Gangsters zone.
0:05 of 3rd period - Maxime Sauvé is hit by Cody Goloubef.
1:54 of 3rd period - Slapshot by Richard Panik.
1:54 of 3rd period - Shot Blocked by Cade Fairchild.
1:56 of 3rd period - Wrist shot by Derrick Pouliot.
1:56 of 3rd period - Stopped by Juuse Saros with a rebound.
1:58 of 3rd period - Slapshot by Richard Panik.
1:58 of 3rd period - Shot Blocked by Michael Sdao.
2:14 of 3rd period - Slapshot by Logan Shaw.
2:14 of 3rd period - Stopped by Dustin Tokarski with a rebound.
2:16 of 3rd period - Slapshot by Michael Sdao.
2:16 of 3rd period - Shot Blocked by Jonas Brodin.
2:18 of 3rd period - Snap shot by Sven Baertschi.
2:18 of 3rd period - Stopped by Dustin Tokarski with a rebound.
2:24 of 3rd period - Minor Penalty to Alexander Wennberg for Hooking.
2:25 of 3rd period - Maxime Sauvé wins face-off versus Nick Bonino in Gangsters zone.
2:34 of 3rd period - Slapshot by Eric Tangradi.
2:34 of 3rd period - Stopped by Dustin Tokarski without a rebound.
2:35 of 3rd period - Maxime Sauvé wins face-off versus Nick Bonino in Gangsters zone.
2:44 of 3rd period - Nick Bonino is hit by Richard Panik and loses puck.
4:24 of 3rd period - Penalty to Alexander Wennberg is over, Alexander Wennberg is back on ice.
4:51 of 3rd period - Christoph Bertschy is hit by Tomas Hertl and loses puck.
5:26 of 3rd period - Wrist shot by Christoph Bertschy.
5:26 of 3rd period - Stopped by Dustin Tokarski without a rebound.
5:27 of 3rd period - Maxime Sauvé wins face-off versus Nick Bonino in Gangsters zone.
5:56 of 3rd period - Wrist shot by Anton Lander.
5:56 of 3rd period - Shot Misses the Net.
6:03 of 3rd period - Minor Penalty to Austen Brassard for Roughing.
6:04 of 3rd period - Maxime Sauvé wins face-off versus Nick Bonino in Gangsters zone.
6:04 of 3rd period - Maxime Sauvé is hit by Nick Bonino.
8:03 of 3rd period - Penalty to Austen Brassard is over, Austen Brassard is back on ice.
8:10 of 3rd period - Cade Fairchild is hit by Brett Ponich and loses puck.
9:21 of 3rd period - Matt Beleskey is hit by Phillip Danault and loses puck.
9:32 of 3rd period - Snap shot by Joonas Donskoi.
9:32 of 3rd period - Shot Misses the Net.
9:34 of 3rd period - Snap shot by Darren Dietz.
9:34 of 3rd period - Shot Hit the Post.
10:39 of 3rd period - Icing by Valeri Nichushkin.
10:40 of 3rd period - Tomas Hertl wins face-off versus Christoph Bertschy in Mulligans zone.
10:57 of 3rd period - Stefan Noesen is hit by Ben Hutton.
11:03 of 3rd period - Snap shot by Nick Bonino.
11:03 of 3rd period - Stopped by Dustin Tokarski without a rebound.
11:04 of 3rd period - Maxime Sauvé wins face-off versus Nick Bonino in Gangsters zone.
11:09 of 3rd period - Snap shot by Morgan Ellis.
11:09 of 3rd period - Shot Blocked by Eric Tangradi.
11:15 of 3rd period - Slapshot by Matt Donovan.
11:15 of 3rd period - Deflect By Eric Tangradi.
11:15 of 3rd period - Shot Misses the Net.
11:15 of 3rd period - Puck is out of play.
11:16 of 3rd period - Maxime Sauvé wins face-off versus Nick Bonino in Gangsters zone.
12:15 of 3rd period - Slapshot by Morgan Ellis.
12:15 of 3rd period - Shot Blocked by Ben Hutton.
12:17 of 3rd period - Backhand shot by Sebastian Collberg.
12:17 of 3rd period - Shot Blocked by Ben Hutton.
12:39 of 3rd period - Darren Dietz is hit by Seth Griffith and loses puck.
12:56 of 3rd period - Slapshot by Eric Tangradi.
12:56 of 3rd period - Stopped by Dustin Tokarski with a rebound.
13:22 of 3rd period - Snap shot by Sven Baertschi.
13:22 of 3rd period - Shot Misses the Net.
13:32 of 3rd period - Sebastian Collberg is hit by Valeri Nichushkin and loses puck.
14:14 of 3rd period - Off-side.
14:15 of 3rd period - Tomas Hertl wins face-off versus Anton Lander in neutral zone.
14:18 of 3rd period - Slapshot by Brett Ponich.
14:18 of 3rd period - Stopped by Juuse Saros without a rebound.
14:19 of 3rd period - David Pope wins face-off versus Anton Lander in Mulligans zone.
14:24 of 3rd period - Wrist shot by Tomas Hertl.
14:24 of 3rd period - Shot Misses the Net.
14:26 of 3rd period - Snap shot by Morgan Ellis.
14:26 of 3rd period - Shot Blocked by Anton Lander.
14:28 of 3rd period - Snap shot by David Pope.
14:28 of 3rd period - Stopped by Juuse Saros without a rebound.
14:29 of 3rd period - Tomas Hertl wins face-off versus Nick Bonino in Mulligans zone.
14:35 of 3rd period - Minor Penalty to Matt Donovan for Tripping.
14:36 of 3rd period - Anton Lander wins face-off versus Maxime Sauvé in Mulligans zone.
14:36 of 3rd period - Anton Lander is hit by Patrik Nemeth.
14:48 of 3rd period - Off-side.
14:49 of 3rd period - Maxime Sauvé wins face-off versus Anton Lander in neutral zone.
14:52 of 3rd period - Slapshot by Patrik Nemeth.
14:52 of 3rd period - Deflect By Dave Dziurzynski.
14:52 of 3rd period - Stopped by Juuse Saros with a rebound.
14:54 of 3rd period - Slapshot by Patrik Nemeth.
14:54 of 3rd period - Goal by Patrik Nemeth - Mulligans : 1 - Gangsters : 3.
14:55 of 3rd period - Maxime Sauvé wins face-off versus Nick Bonino in neutral zone.
15:00 of 3rd period - Snap shot by Richard Panik.
15:00 of 3rd period - Goal by Richard Panik - Mulligans : 1 - Gangsters : 4.
15:01 of 3rd period - Maxime Sauvé wins face-off versus Nick Bonino in neutral zone.
15:04 of 3rd period - Slapshot by Maxime Sauvé.
15:04 of 3rd period - Stopped by Juuse Saros with a rebound.
15:10 of 3rd period - Snap shot by Dave Dziurzynski.
15:10 of 3rd period - Shot Blocked by Cody Goloubef.
15:12 of 3rd period - Slapshot by Matt Delahey.
15:12 of 3rd period - Shot Misses the Net.
15:20 of 3rd period - Nick Bonino is hit by Maxime Sauvé and loses puck.
15:28 of 3rd period - Icing by Cody Goloubef.
15:29 of 3rd period - Nick Bonino wins face-off versus Tomas Hertl in Mulligans zone.
15:34 of 3rd period - David Pope is hit by Matt Donovan and loses puck.
15:54 of 3rd period - Anton Lander is hit by Alexander Wennberg and loses puck.
15:59 of 3rd period - Wrist shot by Phillip Danault.
15:59 of 3rd period - Stopped by Juuse Saros without a rebound.
16:00 of 3rd period - Alexander Wennberg wins face-off versus Nick Bonino in Mulligans zone.
16:13 of 3rd period - Slapshot by Patrik Nemeth.
16:13 of 3rd period - Stopped by Juuse Saros with a rebound.
16:24 of 3rd period - Slapshot by Patrik Nemeth.
16:24 of 3rd period - Deflect By Alexander Wennberg.
16:24 of 3rd period - Stopped by Juuse Saros with a rebound.
16:26 of 3rd period - Minor Penalty to Joonas Donskoi for Hooking.
16:27 of 3rd period - Dave Dziurzynski wins face-off versus Anton Lander in Mulligans zone.
16:42 of 3rd period - Wrist shot by Maxime Sauvé.
16:42 of 3rd period - Deflect By Matt Donovan.
16:42 of 3rd period - Goal by Maxime Sauvé - Mulligans : 1 - Gangsters : 5.
16:43 of 3rd period - Nick Bonino wins face-off versus Dave Dziurzynski in neutral zone.
17:18 of 3rd period - Slapshot by Anton Lander.
17:18 of 3rd period - Stopped by Dustin Tokarski with a rebound.
17:38 of 3rd period - Snap shot by Joonas Donskoi.
17:38 of 3rd period - Stopped by Dustin Tokarski with a rebound.
17:43 of 3rd period - Minor Penalty to Patrik Nemeth for Hooking.
17:44 of 3rd period - Maxime Sauvé wins face-off versus Nick Bonino in Gangsters zone.
17:58 of 3rd period - Brett Ponich is hit by Nick Bonino and loses puck.
18:17 of 3rd period - Slapshot by Sven Baertschi.
18:17 of 3rd period - Shot Blocked by Derrick Pouliot.
18:19 of 3rd period - Snap shot by Anton Lander.
18:19 of 3rd period - Shot Blocked by Tomas Hertl.
18:21 of 3rd period - Slapshot by Matt Donovan.
18:21 of 3rd period - Deflect By Tomas Hertl.
18:21 of 3rd period - Stopped by Dustin Tokarski without a rebound.
18:22 of 3rd period - Anton Lander wins face-off versus Maxime Sauvé in Gangsters zone.
18:50 of 3rd period - Wrist shot by Eric Tangradi.
18:50 of 3rd period - Shot Blocked by Derrick Pouliot.
19:06 of 3rd period - Maxime Sauvé is hit by Cody Goloubef and loses puck.
19:31 of 3rd period - Michael Sdao is hit by Phillip Danault and loses puck.
19:43 of 3rd period - Penalty to Patrik Nemeth is over, Patrik Nemeth is back on ice.
Goals for this period are 0 for Mulligans vs 3 for Gangsters.
Shots for this period are 9 for Mulligans vs 11 for Gangsters.
Back to the Top